 Dungeon Crawl Stone Soup version 0.21.1-1-g345015f (webtiles) character file.

5494 dvd the Grappler (level 10, -1/94 HPs)
             Began as a Troll Monk on July 12, 2018.
             Was a Follower of Uskayaw.
             Slain by Snorg (19 damage)
             ... on level 9 of the Dungeon.
             The game lasted 00:19:29 (7756 turns).

dvd the Grappler (Troll Monk)                       Turns: 7756, Time: 00:19:30

Health: -1/94      AC: 10    Str: 22    XL:     10   Next: 42%
Magic:  18/18      EV: 13    Int:  6    God:    Uskayaw [*.....]
Gold:   400        SH:  0    Dex: 14    Spells: 9/9 levels left

rFire    + + .     SeeInvis .     - Unarmed
rCold    . . .     Gourm    +   (no shield)
rNeg     . . .     Faith    .   K - +2 robe {rF+}
rPois    .         Spirit   .   (helmet restricted)
rElec    .         Reflect  .   v - +2 cloak
rCorr    .         Harm     .   (gloves unavailable)
MR       .....                  (boots unavailable)
Stlth    ++........             (no amulet)
HPRegen  0.65/turn              m - ring of protection from fire
MPRegen  0.16/turn              M - ring of magical power

@: no status effects
A: large, unfitting armour, claws 3, fast metabolism 3, gourmand, regeneration
1, shaggy fur 1, tough skin 2
a: Stomp, Renounce Religion


You were on level 9 of the Dungeon.
You worshipped Uskayaw.
Uskayaw was noncommittal.
You were very full.

You visited 2 branches of the dungeon, and saw 12 of its levels.
You also visited: Sewer.

You collected 400 gold pieces.

Inventory:

Missiles
 C - 2 tomahawks
 E - a javelin (quivered)
Armour
 p - a +2 cloak
 v - a +2 cloak (worn)
 K - a +2 robe of fire resistance (worn)
Jewellery
 m - a ring of protection from fire (left claw)
 F - an uncursed ring of wizardry
 M - a ring of magical power (right claw)
Wands
 G - a wand of random effects (24)
 I - a wand of acid (9)
 L - a wand of disintegration (7)
Scrolls
 d - 4 scrolls of enchant armour
 e - 2 scrolls of remove curse
 f - 8 scrolls of identify {unknown}
 j - 3 scrolls of fog {unknown}
 l - a scroll of fear {unknown}
 n - a scroll of holy word {unknown}
 o - a scroll of silence {unknown}
 r - 7 scrolls of teleportation {unknown}
 s - 6 scrolls of amnesia {unknown}
 t - a scroll of blinking {unknown}
 y - 3 scrolls of magic mapping {unknown}
Potions
 c - 2 potions of magic {unknown}
 g - 2 potions of cancellation {unknown}
 h - a potion of might {unknown}
 i - 3 potions of mutation {unknown}
 k - 4 potions of flight
 q - a potion of brilliance {unknown}
 u - 2 potions of agility {unknown}
 w - 3 potions of curing
 z - a potion of haste {unknown}
 A - a potion of lignification {unknown}
 B - 3 potions of heal wounds {unknown}
 D - a potion of ambrosia {unknown}
Books
 a - a Young Poisoner's Handbook

   Spells                             Type                      Level
   a - Sting                          Conjuration/Poison           1
   b - Poisonous Vapours              Poison/Air                   2
   c - Mephitic Cloud                 Conjuration/Poison/Air       3
   d - Olgreb's Toxic Radiance        Poison                       4
   e - Venom Bolt                     Conjuration/Poison           5
 x - a book of Conjurations

   Spells                             Type                      Level
   a - Magic Dart                     Conjuration                  1
   b - Searing Ray                    Conjuration                  2
   c - Dazzling Spray                 Conjuration/Hexes            3
   d - Fulminant Prism                Conjuration/Hexes            4
   e - Force Lance                    Conjuration/Translocation    4
   f - Iskenderun's Mystic Blast      Conjuration                  4
 H - a book of Changes

   Spells                             Type                      Level
   a - Beastly Appendage              Transmutation                1
   b - Sticks to Snakes               Transmutation                2
   c - Spider Form                    Transmutation/Poison         3
   d - Ice Form                       Ice/Transmutation            4
   e - Blade Hands                    Transmutation                5
Comestibles
 b - 15 rations
 J - 3 chunks of flesh


   Skills:
 + Level 4.4 Fighting
 + Level 3.6 Throwing
 + Level 6.7 Dodging
 - Level 1.0 Stealth
 + Level 12.3 Unarmed Combat


You had 9 spell levels left.
You didn't know any spells.

Dungeon Overview and Level Annotations

Branches:
Dungeon (11/15)            Temple (1/1) D:5
   Lair: D:8-11         Orc: D:9-12

Altars:
Ashenzari
Cheibriados
Dithmenos
Elyvilon
Fedhas
Gozag
Hepliaklqana
Kikubaaqudgha
Makhleb
Nemelex Xobeh
Qazlal
Ru
Sif Muna
Trog
Uskayaw
Vehumet
Wu Jian
Xom
Yredelemnul
Zin
The Shining One

Shops:
D:8 (

Annotations:
D:3 2 transporters, dscm's ghost, weakling OpFi
D:9 Snorg


Innate Abilities, Weirdness & Mutations

You are too large for most types of armour.
You have claws for hands.
Your metabolism is lightning-fast.
You like to eat raw meat.
Your natural rate of healing is unusually fast.
You are covered in fur. (AC +1)
You have very tough skin. (AC +2)


Message History

Snorg goes berserk!
Snorg rages.
Okay, then.
Unknown command.
Okay, then.
Unknown command.
Unknown command.
Evoke which item? (* to show all) (? for menu, Esc to quit)
Aiming: Corrosive Bolt
Press: ? - help, Shift-Dir - straight line, f - Snorg
Aim: Snorg (lightly wounded, berserk, fast, unusually strong)
The bolt of acid misses Snorg.
Snorg misses you. Snorg claws you!
* * * LOW HITPOINT WARNING * * *
Snorg closely misses you. Snorg bites you!
* * * LOW HITPOINT WARNING * * *
Snorg claws you but does no damage. Snorg claws you!
* * * LOW HITPOINT WARNING * * *
Unknown command.
You feel better. Snorg closely misses you. Snorg claws you!!
You die...

.# #.......###..#####
.#######.......#....#...##
.##....#(......'.........#
.......#.......#.........#
.......#.......#.........#
.......#.......#.........#
.......+.......#...##....#
.##....#.......#...##....#
.##....#.......#@...#....#
.......#.......#T...#....#
.......#.......#....#....#
.......#.......#....#....#
.......#.......#....#....#
.......#.......#....#....######
.......#>......#....#..........
.......#.......#>...#....######
.......')......#...##....#


You could see Snorg (berserk).

Vanquished Creatures
  A two-headed ogre (D:8)
  Psyche (D:11)
  Prince Ribbit (D:6)
  A hippogriff (D:9)
  Edmund (D:4)
  Menkaure (D:4)
  2 porcupines (D:10)
  A water moccasin (D:5)
  2 black bears
  A sky beast (D:6)
  2 ice beasts
  An orc warrior (D:6)
  3 phantoms
  A necrophage (D:9)
  5 ogres
  2 centaurs
  A big kobold (Sewer)
  4 bullfrogs
  Blork the orc (D:4)
  2 jellies
  8 killer bees (D:8)
  3 scorpions
  3 howler monkeys
  4 crimson imps
  A bullfrog zombie (D:6)
  An orc priest (D:8)
  2 hounds
  4 orc wizards
  Crazy Yiuf (D:2)
  3 bullfrog skeletons
  An iguana (D:4)
  7 worker ants
  A hound skeleton (D:4)
  A hound zombie (D:5)
  3 gnolls
  3 river rats
  13 adders
  2 howler monkey skeletons
  A shadow imp (D:9)
  An ooze (D:2)
  An adder skeleton (D:6)
  4 worms
  2 dart slugs
  8 leopard geckos
  34 orcs
  9 giant cockroaches
  7 goblins
  9 hobgoblins
  13 jackals
  4 quokkas
  2 ball pythons
  8 bats
  9 frilled lizards
  6 kobolds
  A leopard gecko zombie (D:5)
  14 rats
228 creatures vanquished.

Notes
Turn   | Place    | Note
-------+----------+-------------------------------------------
     0 | D:1      | dvd the Troll Monk began the quest for the Orb.
     0 | D:1      | Reached XP level 1. HP: 22/22 MP: 0/0
   134 | D:1      | Reached XP level 2. HP: 29/29 MP: 1/1
   953 | D:2      | Found a shattered altar of Ashenzari.
   962 | D:2      | Reached XP level 3. HP: 35/36 MP: 2/2
  1152 | D:1      | Reached skill level 4 in Unarmed Combat
  1152 | D:1      | Reached XP level 4. HP: 27/45 MP: 3/3
  1334 | D:2      | Found a stormy altar of Qazlal.
  1476 | D:2      | Found a runed door.
  1480 | D:2      | Noticed Crazy Yiuf
  1482 | D:2      | Paralysed by Crazy Yiuf for 2 turns
  1487 | D:2      | Killed Crazy Yiuf
  1661 | D:3      | Found a transporter.
  1705 | D:3      | Reached XP level 5. HP: 53/53 MP: 4/4
  1751 | D:3      | Noticed dscm's ghost (weakling OpFi)
  1758 | D:3      | Found a transporter.
  2266 | D:3      | Reached skill level 5 in Unarmed Combat
  2567 | D:4      | Noticed Blork the orc
  2570 | D:4      | Killed Blork the orc
  2570 | D:4      | Reached XP level 6. HP: 61/61 MP: 5/5
  2651 | D:4      | Noticed Menkaure
  2661 | D:4      | Killed Menkaure
  2661 | D:4      | Reached skill level 1 in Throwing
  2661 | D:4      | Reached skill level 6 in Unarmed Combat
  2776 | D:4      | Reached XP level 7. HP: 58/67 MP: 6/6
  3162 | D:4      | Reached skill level 7 in Unarmed Combat
  3180 | D:4      | Noticed Edmund
  3192 | D:4      | Killed Edmund
  3412 | D:4      | You fall through a shaft!
  3412 | D:5      | Entered Level 5 of the Dungeon
  3492 | D:5      | Found a white marble altar of Elyvilon.
  3545 | D:5      | Found a staircase to the Ecumenical Temple.
  3555 | Temple   | Entered the Ecumenical Temple
  3602 | Temple   | Became a worshipper of Sif Muna the Loreminder
  3602 | Temple   | Reached * piety under Sif Muna
  3602 | Temple   | Reached ** piety under Sif Muna
  3603 | Temple   | Fell from the grace of Sif Muna
  3811 | D:5      | Found a deep blue altar of Sif Muna.
  3834 | D:5      | Reached XP level 8. HP: 75/75 MP: 7/7
  3970 | D:5      | Reached skill level 8 in Unarmed Combat
  4397 | D:6      | Noticed Prince Ribbit
  4451 | D:6      | Found a sparkling altar of Nemelex Xobeh.
  4471 | D:6      | Found a glowing drain.
  4495 | Sewer    | Entered a sewer
  4606 | Sewer    | Found a white marble altar of Elyvilon.
  4763 | D:6      | Reached skill level 9 in Unarmed Combat
  4901 | D:6      | Killed Prince Ribbit
  4901 | D:6      | Reached skill level 5 in Dodging
  4909 | D:6      | Reached XP level 9. HP: 34/84 MP: 8/8
  5095 | D:6      | Found a sacrificial altar of Ru.
  5357 | D:7      | Found a blossoming altar of Fedhas.
  5385 | D:7      | Reached skill level 10 in Unarmed Combat
  5463 | D:7      | Noticed a hand axe
  5580 | D:7      | Found a hide-covered altar of Uskayaw.
  5584 | D:7      | Noticed a dagger
  5588 | D:7      | Became a worshipper of Uskayaw the Reveler
  5601 | D:7      | Found a snail-covered altar of Cheibriados.
  5640 | D:7      | Found a burning altar of Makhleb.
  5659 | D:7      | Found a radiant altar of Vehumet.
  5686 | D:7      | Reached * piety under Uskayaw
  5691 | D:7      | Reached ** piety under Uskayaw
  6031 | D:8      | Reached *** piety under Uskayaw
  6129 | D:8      | Found Olairr's Weapon Shoppe.
  6463 | D:8      | Noticed a two-headed ogre
  6478 | D:8      | Killed a two-headed ogre
  6478 | D:8      | Reached skill level 11 in Unarmed Combat
  6683 | D:8      | Reached **** piety under Uskayaw
  6713 | D:8      | Found a glowing silver altar of Zin.
  6794 | D:8      | Reached XP level 10. HP: 93/93 MP: 9/9
  7422 | D:9      | You fall through a shaft for 2 floors!
  7476 | D:11     | Noticed Psyche
  7485 | D:11     | Killed Psyche
  7485 | D:11     | Reached skill level 12 in Unarmed Combat
  7545 | D:11     | Noticed a cyclops
  7560 | D:10     | Entered Level 10 of the Dungeon
  7714 | D:10     | Noticed Snorg
  7756 | D:9      | Slain by Snorg

Skill      XL: |  1  2  3  4  5  6  7  8  9 10 |
---------------+-------------------------------+-----
Fighting       | 3 4 |  4.4
Unarmed Combat | 4 5 6 7 9 11 12 | 12.3
Dodging        | 3 4 5 6 |  6.7
Throwing       | 1 2 3 |  3.6
Stealth        | |  1.0

Action                   |  1- 3 |  4- 6 |  7- 9 | 10-12 || total
-------------------------+-------+-------+-------+-------++-------
Melee: Unarmed           |    94 |   161 |   352 |    95 ||   702
       Punch             |     1 |     6 |    14 |     4 ||    25
Throw: Javelin           |       |    17 |    17 |     1 ||    35
       Tomahawk          |       |       |     6 |       ||     6
Invok: Renounce Religion |       |       |     1 |       ||     1
       Stomp             |       |       |     2 |     2 ||     4
Evoke: Wand              |       |       |       |     1 ||     1
  Use: Potion            |       |       |     2 |     1 ||     3
       Scroll            |       |       |       |     3 ||     3
 Stab: Sleeping          |     2 |       |     2 |       ||     4
       Paralysed         |       |       |     3 |     4 ||     7
  Eat: Chunk             |    15 |    16 |    38 |     8 ||    77
Armor: Robe              |    35 |    60 |   106 |    30 ||   231
Dodge: Dodged            |    44 |    98 |   184 |    61 ||   387
